 BcadrenCrawl: Boulder Brew version 0.03.2.1-26-g6dd6cd2 (webtiles) character file.

Game seed: 16151345513808146215, levelgen mode: deterministic

15289 Kalegnar the Fighter (level 11, -4/108 HPs) Silver Draconian Monk. Began on Jan 5, 2021. Was an Elder of Bahamut & Tiamat. Slain by a wolf spider (16 damage) ... on level 1 of the Lair of Beasts. The game lasted 00:37:57 (5946 turns).

Kalegnar the Fighter (Silver Draconian Monk)        Turns: 5946, Time: 00:37:58

Health: -4/108     AC: 13    Str: 22    XL:     11 ^: 6
Magic:  17/17      EV:  7    Int: 10    God:    Bahamut & Tiamat [4* [118]]
Gold:   333        SH: 13    Dex: 14    Spells: 5/11 levels left

rFire    . . .     Vision   .   w - +0 scutum
rCold    . . .     Gourm    +     - Unarmed
rNeg     . . .     Faith    .   (armour unavailable)
rPois    +         Spirit   .   (helmet restricted)
rElec    .         Reflect  .   v - +0 cloak
rCorr    .         Harm     .   B - +0 pair of clawed gauntlets
MR       .....                  (no boots)
Stlth    ++........             q - amulet of the gourmand
HPRegen  0.46/turn              h - ring of poison resistance
MPRegen  0.27/turn              s - ring of strength

@: vulnerable, marked
A: no body armour, unfitting armour, cold-blooded, boosted whips and flails
aptitude, earth enhancer 1, AC++, rMut, AC +12
a: Breathe Silver Splinters, Enhanced Breath, Drake Mount, Renounce Religion


You were on level 1 of the Lair of Beasts.
You worshipped Bahamut & Tiamat.
Bahamut & Tiamat was greatly pleased with you.
You were full.

You visited 3 branches of the dungeon, and saw 7 of its levels.

You collected 333 gold pieces.

Inventory:

Weapons
 o - a +0 hand crossbow Shields
 f - a +0 targe
 k - a +0 targe
 p - a +0 heater shield of protection
 w - a +0 scutum (shield)
Armour
 v - a +0 cloak (worn)
 B - a +0 pair of clawed gauntlets (worn)
Jewellery
 h - a ring of poison resistance (left claw)
 q - an amulet of the gourmand (around neck)
 s - a ring of strength (right claw)
 E - an uncursed ring of intelligence
Wands
 t - a wand of random effects (2)
Scrolls
 b - 5 scrolls of enchantment
 c - 2 scrolls of fear
 j - 2 scrolls of magic mapping
 l - 4 scrolls of teleportation
 n - a scroll of immolation
 x - a scroll of blinking
 y - 2 scrolls of summoning
 z - a scroll of holy word
 A - a scroll of bless item
 D - a scroll of torment
Potions
 d - a potion of agility
 e - 7 potions of curing
 g - 3 potions of lignification
 i - 3 potions of brilliance
 m - a potion of cancellation
 r - a potion of heal wounds
 u - a potion of magic
Comestibles
 a - 30 rations


   Skills:
 + Level 13.7 Fighting
 - Level 4.0 Dodging
 - Level 1.4 Stealth
 - Level 5.0 Shields
 + Level 11.0 Unarmed Combat
 + Level 0.6 Spellcasting
 + Level 0.8 Earth Magic
 + Level 8.6 Invocations


You had 5 spell levels left.
You knew the following spells:

 Your Spells              Type           Power        Failure   Level  Hunger
a - Iron Shot             Erth           2 (200)      100%        6    #######

Your spell library contained the following spells:

 Spells                   Type           Power        Failure   Level  Hunger
 Leda's Liquefaction      Tmut/Erth      1 (200)      97%         4    #####..
 Bolt of Magma            Fire/Erth      1 (200)      100%        5    ######.
 Statue Form              Tmut/Erth      1 (150)      100%        6    #######
 Tunneling                Erth           2 (200)      100%        6    #######
 Shatter                  Erth           2 (200)      100%        9    #######


Dungeon Overview and Level Annotations

Branches:
Dungeon (5/8)              Temple (1/1) D:4            Lair (1/6) D:5

Altars:
Ashenzari Bahamut & Tiamat
Cheibriados
Elyvilon
Fedhas Madash
Gozag Ym Sagoz
Makhleb
Nemelex Xobeh
Okawaru
Qazlal
Ru
Sif Muna
Uskayaw
Vehumet
Xom
Yredelemnul
Zin


Innate Abilities, Weirdness & Mutations

You cannot fit into any form of body armour.
Your gleaming silver scales are hard. (AC +12)
You can breathe silver splinters, which deal bonus damage to chaotic creatures.
You are cold-blooded and may be slowed by cold attacks.
You are naturally skilled at Whips & Flails (Aptitude +3).
You are in touch with the powers of the earth.
Your gleaming silver scales boost your physical defenses and make you resistant to mutation. (AC++, rMut)


Message History

You scratch the wolf spider (6).
The wolf spider is almost dead. (1/55) HP The wolf spider barely misses you (0).
The wolf spider bites you (1). You block the wolf spider's attack. x2
You claw the wolf spider (9)!
You kill the wolf spider!
Tiamat appreciates your kill.
The mummy priest calls on the powers of darkness!
The redback convulses!
The wolf spider convulses!
Your body is wracked with pain!
The phantasmal warrior hits you (25)!!
* * * LOW HITPOINT WARNING * * *
The wolf spider hits you but does no damage.
The wolf spider bites you but does no damage.
You see here a wolf spider corpse.
The phantasmal warrior hits you (7)!
* * * LOW HITPOINT WARNING * * *
Your magical defenses are stripped away!
The wolf spider hits you (16)!
You die... #.###..###..##P##.....P#..# ## #### ###....#....###.P# #....P....##..## #+#+# #.........###.# +WZZ+

#.........##..# #{ZM#
#.........###.## M..+
#.........# #...
#'###[...#....###.##
#ss@'...............
####W##...............
......................
..#........##..####.#.
#.........#..#......
#..................P
#........##.....P.P.
####..##.##.....P.P.
#..#####.........


You could see a wolf spider, a phantasmal warrior, a redback and a mummy.

Vanquished Creatures
  5 two-headed ogres (D:5)
  Pikel (D:2)
  2 black mambas (Lair:1)
  A spiny frog (Lair:1)
  Maggie (D:4)
  A troll (D:5)
  A wolf spider (Lair:1)
  A queen bee (D:4)
  4 blink frogs (Lair:1)
  18 yaks (D:5)
  A wyvern (D:4)
  A hydra skeleton (Lair:1)
  A guardian mummy (Lair:1)
  2 phantoms
  A water moccasin (D:5)
  3 porcupines
  3 scorpions
  3 orc warriors (D:4)
  4 sky beasts (D:5)
  2 ice beasts (D:4)
  6 wolves (Lair:1)
  3 ogres
  3 crocodiles
  4 bullfrogs
  5 big kobolds
  A komodo dragon skeleton (Lair:1)
  A centaur (D:5)
  2 spiny frog skeletons (Lair:1)
  4 howler monkeys (D:4)
  17 killer bees (D:4)
  A quasit (D:5)
  9 wights (D:5)
  4 hounds
  2 orc priests
  10 jellies
  Crazy Yiuf (D:3)
  Jessica (D:1)
  3 iguanas (D:4)
  10 worker ants
  An orc wizard (D:4)
  A crocodile skeleton (Lair:1)
  10 giant cockroaches
  3 bullfrog zombies
  2 bullfrog skeletons
  A wolf skeleton (Lair:1)
  A shadow imp (D:4)
  10 adders
  31 sewer rats (D:2)
  2 white imps (D:4)
  14 cinder newts
  2 worms (D:2)
  4 oozes (D:2)
  7 leopard geckos
  14 orcs
  An adder skeleton (D:2)
  5 ball pythons
  4 goblins (D:1)
  6 hobgoblins (D:1)
  4 quokkas
  7 bats
  3 bat skeletons (D:2)
  A goblin skeleton (D:2)
  A hobgoblin skeleton (D:2)
  22 kobolds
  A kobold skeleton (D:2)
  A leopard gecko skeleton (D:5)
  2 rats (D:1)
  A rat skeleton (D:2)
  A slave (D:2)
  2 withered plants (D:2)
308 creatures vanquished.

Vanquished Creatures (others)
  2 adders (D:2)
  2 sewer rats (D:2)
  A cinder newt (D:2)
  An ooze (D:2)
  A ball python (D:2)
  A ball python skeleton (D:2)
  A bat (D:2)
  A goblin skeleton (D:2)
  3 kobolds (D:2)
  A giant blowfly (D:2)
  A plant (Lair:1)
  2 slaves (D:2)
  182 withered plants (D:2)
199 creatures vanquished.

Grand Total: 507 creatures vanquished

Notes
Turn   | Place    | Note
-------+----------+-------------------------------------------
     0 | D:1      | Kalegnar the Immature Draconian Monk began the quest for
                  | the Orb.
     0 | D:1      | Reached XP level 1. HP: 19/19 MP: 1/1
    90 | D:1      | Noticed Jessica
    94 | D:1      | Reached skill level 4 in Fighting
    94 | D:1      | Reached XP level 2. HP: 26/27 MP: 2/2
    96 | D:1      | Killed Jessica
    96 | D:1      | Reached XP level 3. HP: 33/34 MP: 3/3
   205 | D:1      | Reached skill level 5 in Fighting
   205 | D:1      | Reached XP level 4. HP: 41/42 MP: 4/4
   612 | D:2      | Reached XP level 5. HP: 45/48 MP: 5/5
   648 | D:2      | Reached skill level 1 in Shields
   792 | D:2      | Reached XP level 6. HP: 57/57 MP: 6/6
   908 | D:2      | Reached skill level 6 in Fighting
   961 | D:2      | Noticed Pikel
   994 | D:2      | Killed Pikel
   994 | D:2      | Reached skill level 7 in Fighting
   994 | D:2      | Reached skill level 5 in Unarmed Combat
   994 | D:2      | Your scales start taking on a gleaming silver colour.
   994 | D:2      | Reached XP level 7. HP: 28/66 MP: 7/7
   994 | D:2      | Gained mutation: Your gleaming silver scales boost your
                  | physical defenses and make you resistant to mutation.
                  | (AC++, rMut) [Silver Draconian growth]
   994 | D:2      | Gained mutation: You are in touch with the powers of the
                  | earth. [Silver Draconian growth]
  1261 | D:2      | Reached XP level 8. HP: 64/73 MP: 8/8
  1503 | D:2      | Reached skill level 8 in Fighting
  2170 | D:2      | Reached skill level 9 in Fighting
  2724 | D:3      | Found a runed translucent door.
  2727 | D:3      | Noticed Crazy Yiuf
  2735 | D:3      | Killed Crazy Yiuf
  2735 | D:3      | Reached XP level 9. HP: 68/84 MP: 9/9
  2822 | D:3      | Found a glowing silver altar of Zin.
  3297 | D:3      | Found a hide-covered altar of Uskayaw.
  3409 | D:4      | Reached skill level 10 in Fighting
  3563 | D:4      | Noticed Maggie
  3573 | D:4      | Killed Maggie
  3602 | D:4      | Found a staircase to the Ecumenical Temple.
  3611 | Temple   | Entered the Ecumenical Temple
  3819 | Temple   | Became a worshipper of Bahamut & Tiamat
  3819 | Temple   | Reached * piety under Bahamut & Tiamat
  3819 | Temple   | Reached ** piety under Bahamut & Tiamat
  3916 | D:4      | Reached skill level 1 in Invocations
  3961 | D:4      | Reached skill level 11 in Fighting
  3971 | D:4      | Found a sacrificial altar of Ru.
  3990 | D:4      | Reached skill level 5 in Shields
  4084 | D:4      | Gained mutation: You are naturally skilled at Whips &
                  | Flails (Aptitude +3). [draconic bloodline]
  4084 | D:4      | Reached XP level 10. HP: 72/96 MP: 12/12
  4119 | D:4      | Reached *** piety under Bahamut & Tiamat
  4265 | D:4      | Found a sparkling altar of Nemelex Xobeh.
  4497 | D:5      | Entered Level 5 of the Dungeon
  4497 | D:5      | Identified the +5 hatchet of Iqismeac {chop, rN+ MP+9}
  4545 | D:5      | Reached skill level 5 in Invocations
  4550 | D:5      | Reached skill level 12 in Fighting
  4571 | D:5      | Reached **** piety under Bahamut & Tiamat
  4782 | D:5      | Noticed a two-headed ogre
  4801 | D:5      | Reached XP level 11. HP: 83/105 MP: 15/15
  4807 | D:5      | Killed a two-headed ogre
  4830 | D:5      | Noticed a two-headed ogre
  4839 | D:5      | Killed a two-headed ogre
  4839 | D:5      | Reached skill level 10 in Unarmed Combat
  4936 | D:5      | Noticed a two-headed ogre
  4944 | D:5      | Killed a two-headed ogre
  5100 | D:5      | Reached skill level 13 in Fighting
  5138 | D:5      | Noticed a two-headed ogre
  5148 | D:5      | Killed a two-headed ogre
  5276 | D:5      | Found a staircase to the Lair.
  5281 | D:5      | Noticed a two-headed ogre
  5289 | D:5      | Killed a two-headed ogre
  5330 | D:5      | Found a shimmering blue altar of Sif Muna.
  5387 | Lair:1   | Entered Level 1 of the Lair of Beasts
  5505 | Lair:1   | Reached ***** piety under Bahamut & Tiamat
  5762 | Lair:1   | Learned a level 6 spell: Iron Shot
  5936 | Lair:1   | Noticed a mummy priest
  5940 | Lair:1   | Noticed a phantasmal warrior
  5946 | Lair:1   | Slain by a wolf spider

Levels and vault maps discovered:
D:1:      lightli_arrival_quake, layout_basic, kennysheep_jessica_study
D:2:      layout_sewer, first_ration, minmay_circle_x, uniq_pikel
D:3:      layout_loops_corners, zin_statuary, basic_altar,
          uniq_crazy_yiuf_cottage
D:4:      layout_roguey, nicolae_ru_sacrificial_ziggurat,
          nemelex_xobeh_ov_fountains_minmay, minmay_temple_entry_poolview,
          special_room [special_room_bee], uniq_maggie
D:5:      layout_roguey, kennysheep_little_box, lair_entry_dummy,
          grunt_ogre_cave
Temple:   oiseaux_autumnal_temple
Lair:1:   layout_gridlike, minivault_23, nicolae_ossuary_entry_catacombs,
          lemuel_fruit_tree, grunt_megastairs_4, serial_bayou_shore_b,
          serial_bayou_shore_b

Skill      XL: |  1  2  3  4  5  6  7  8  9 10 11 |
---------------+----------------------------------+-----
Fighting       | 4 5 7 9 11 12 13 | 13.7
Unarmed Combat | 3 4 5 7 8 9 11 | 11.0
Shields        | 2 4 5 |  5.0
Invocations    | 2 5 8 |  8.6
Dodging        | 4 |  4.0
Stealth        | |  1.4
Spellcasting   | |  0.6
Earth Magic    | |  0.8

Action                   |  1- 3 |  4- 6 |  7- 9 | 10-12 || total
-------------------------+-------+-------+-------+-------++-------
Melee: Unarmed           |    34 |   198 |   327 |   314 ||   873
       Tailslap          |       |    25 |    52 |    60 ||   137
Invok: Choose Bahamut's  |       |       |     1 |       ||     1
       Choose Bahamut's  |       |       |     1 |       ||     1
       Choose Bahamut's  |       |       |       |     1 ||     1
       Enhanced Breath   |       |       |       |     1 ||     1
       Drake Mount       |       |       |       |     1 ||     1
 Abil: Breathe Dart      |     2 |     7 |       |       ||     9
       Breathe Silver Sp |       |       |    10 |     7 ||    17
  Use: Potion            |       |     1 |       |       ||     1
 Stab: Sleeping          |     1 |     4 |     7 |     1 ||    13
  Eat: Chunk             |       |     2 |    21 |     6 ||    29
Armor: Skin              |     6 |    43 |    78 |    47 ||   174
Dodge: Dodged            |     2 |    10 |    34 |    11 ||    57
Block: Heater shield     |       |    20 |    44 |       ||    64
       Scutum            |       |       |    12 |   103 ||   115
